 Dungeon Crawl Stone Soup version 0.21-a0-414-gba8bdf1 (webtiles) character file.

187560 namelastname112 the Unseen (level 17, -2/109 HPs)
             Began as a Felid Wanderer on Nov 2, 2017.
             Was the Champion of Dithmenos.
             Killed from afar by a shock serpent (18 damage)
             ... with an electric aura
             ... on level 4 of the Snake Pit.
             The game lasted 01:58:03 (51949 turns).

namelastname112 the Unseen (Felid Wanderer)        Turns: 51949, Time: 01:58:04

Health: -2/109     AC: 26    Str:  8    XL:     17   Next: 45%
Magic:  27/30      EV: 38    Int: 18    God:    Dithmenos [******]
Gold:   2530       SH:  0    Dex: 22    Spells: 7/39 levels left
                                        Lives:  0   Deaths: 4

rFire    . . .     SeeInvis +     - Unarmed
rCold    . . .     Gourm    .   (shield unavailable)
rNeg     + . .     Faith    .   (armour unavailable)
rPois    ∞         Spirit   .   (helmet unavailable)
rElec    +         Reflect  .   (cloak unavailable)
rCorr    .         Harm     +   (gloves unavailable)
MR       +++..                  (boots unavailable)
Stlth    ++++++++++             D - amulet of harm
HPRegen  0.28/turn              C - +4 ring of evasion
MPRegen  0.22/turn              P - ring of protection from magic

@: statue-form, wreathed by umbra, very slow
A: no armour, no weapons or thrown items, stealth, claws 1, fangs 3, horns 1,
rugged brown scales 1, see invisible, carnivore 3, low mp 1, mutation resistance
1, sense surroundings 1, electricity resistance, inhibited regeneration, slow
metabolism 1, strong 2, sharp paws
}: 1/15 runes: decaying
a: End Transformation, Shadow Step, Shadow Form, Renounce Religion


You were on level 4 of the Snake Pit.
You worshipped Dithmenos.
Dithmenos was exalted by your worship.
You were very full.
You were a stone statue.
You visited 7 branches of the dungeon, and saw 35 of its levels.
You also visited: Labyrinth, Bailey, Ice Cave and Wizlab.

You collected 4375 gold pieces.
You spent 1845 gold pieces at shops.

Inventory:

Jewellery
 z - an uncursed ring of fire
 A - a +4 ring of dexterity {unknown}
 C - a +4 ring of evasion (left paw)
 D - an amulet of harm (around neck)
 I - the necklace of Bloodlust {*Rage +Rage MR++ Int-3 Slay+6 *Curse}
   (You took it off an orc on level 10 of the Dungeon)

   [amulet of rage]

   It affects your intelligence (-3).
   It affects your accuracy and damage with ranged weapons and melee attacks
   (+6).
   It affects your resistance to hostile enchantments.
   It lets you go berserk.
   It may make you go berserk in combat.
   It curses itself when equipped.
 J - an uncursed ring of ice
 M - an uncursed ring of positive energy
 P - a ring of protection from magic (right paw)
 V - the ring "Pizudu" {EV+2 Str-4 Int+3 SInv}
   (You acquired it on level 15 of the Dungeon)

   [ring of evasion]

   It affects your evasion (+2).
   It affects your strength (-4).
   It affects your intelligence (+3).
   It lets you see invisible.
Wands
 f - a wand of iceblast (6/15)
 k - a wand of digging (13/24)
 m - a wand of disintegration (15/24)
 r - a wand of iceblast (13/15)
 F - a wand of iceblast (7/15)
 G - a wand of digging (0/24)
 H - a wand of lightning (10/15)
 L - a wand of acid (0/15)
 Q - a wand of lightning (9/15)
 S - a wand of disintegration (7/24)
 T - a wand of digging (23/24)
 U - a wand of lightning (7/15)
 Z - a wand of scattershot (4/9)
Scrolls
 a - 3 scrolls of fog
 c - 3 scrolls of teleportation
 e - 6 scrolls of magic mapping
 g - 13 scrolls of remove curse
 l - 6 scrolls of blinking
 n - 7 scrolls of recharging
 o - 6 scrolls of amnesia
 u - 4 scrolls of torment
 w - 20 scrolls of identify
 y - a scroll of silence
Potions
 b - 7 potions of curing
 h - 6 potions of haste
 i - 3 potions of magic
 j - 8 potions of brilliance
 p - 2 potions of invisibility
 t - a potion of agility
 x - 2 potions of mutation
 B - 5 potions of might
 E - a potion of cancellation
 K - 3 potions of flight
 R - 4 potions of resistance
 Y - a potion of ambrosia
Miscellaneous
 q - a sack of spiders
 v - a lightning rod (4/4)
 O - a fan of gales
 W - a box of beasts
Comestibles
 d - 13 meat rations
 s - 7 royal jellies


   Skills:
 + Level 13.3 Fighting
 + Level 16.1 Dodging
 + Level 17.5 Stealth
 + Level 15.7 Unarmed Combat
 + Level 11.8 Spellcasting
 - Level 13.4 Hexes
 + Level 11.8 Translocations
 - Level 11.9 Transmutations
 - Level 10.0 Earth Magic


You had 7 spell levels left.
You knew the following spells:

 Your Spells              Type           Power        Failure   Level  Hunger
a - Confusing Touch       Hex            ######       1%          1    None
b - Magic Dart            Conj           ##..         7%          1    None
c - Dazzling Spray        Conj/Hex       ####..       1%          3    None
d - Tukima's Dance        Hex            ######..     1%          3    None
e - Blink                 Tloc           N/A          1%          2    None
f - Invisibility          Hex            ######..     4%          6    ######.
g - Apportation           Tloc           ######       1%          1    None
i - Passage of Golubria   Tloc           N/A          1%          4    ##.....
v - Statue Form           Tmut/Erth      ######...    11%         6    ######.
x - Confuse               Hex            ######..     1%          3    None
z - Ensorcelled Hibernat  Hex/Ice        ####..       1%          2    None


Dungeon Overview and Level Annotations

Branches:
Dungeon (15/15)            Temple (1/1) D:4            Lair (6/6) D:11
  Swamp (4/4) Lair:3        Snake (4/4) Lair:2        Slime (0/5) Lair:6
    Orc (2/2) D:10            Elf (3/3) Orc:2        Vaults (0/5) D:14
 Depths (0/5) D:15

Altars:
Cheibriados
Dithmenos
Elyvilon
Fedhas
Makhleb
Qazlal
Ru
Sif Muna
Trog
Uskayaw
Vehumet
Wu Jian
Xom
Zin
Beogh
Jiyva

Shops:
D:5 (   D:8 ?!(!   D:9 :[!   D:10 =   Orc:2 ?!:(   Snake:3 }!

Portals:
Pandemonium: Orc:2
Trove: D:12 (give 9 potions of agility)

Annotations:
Elf:1 exclusion: Roxanne, Roxanne
Elf:2 3 runed doors
Elf:3 1 exclusion


Innate Abilities, Weirdness & Mutations

You cannot wear armour.
You are incapable of wielding weapons or throwing items.
Your paws allow you to move quietly. (Stealth)
You have sharp claws.
You have razor-sharp teeth.
You have supernaturally acute eyesight. (SInv)
You are carnivorous and can eat meat at any time.
((You cover ground quickly.))
((Your thick and shaggy fur keeps you warm. (AC +3, rC+)))
You have a slow metabolism.
Your sharp claws are effective at attacking unaware monsters.
You have a pair of small horns on your head.
(You are partially covered in rugged brown scales. (AC +1, +3% HP))
Your magical capacity is low. (-10% MP)
You are somewhat resistant to further mutation.
You passively map a small area around you.
You are resistant to electric shocks. (rElec)
You do not regenerate when monsters are visible.
Your muscles are very strong. (Str +4)


Message History

Evoke which item? (* to show all) (? for menu, Esc to quit)
Aiming: Dig (will waste charges)
Press: ? - help, Shift-Dir - straight line The rock shatters into small pieces.
The shock serpent hisses angrily.
Evoking this partially-identified wand wasted a few charges.
The shock serpent shoots out a bolt of lightning at you!
The bolt of electricity hits you! You resist.
* * * LOW HITPOINT WARNING * * *
The bolt of electricity hits you! You resist.
* * * LOW HITPOINT WARNING * * *
You take 18 damage, and have 9/109 hp.
You feel better.
The shock serpent completely misses you.
You regained 7 hp, and now have 16/109 hp.
You eviscerate the shock serpent!!!
You kill the shock serpent!
Dithmenos accepts your kill.
The air sparks with electricity, shocking you!
You die...

#N...#.... ,
#......N.N
#......... *
#.........
#########..N##..
#.........SNN§§.
##...####.NNS#N§#
##†#### #.##N##§#
#8## # #)##.#
#.## #N##.. *#.#
* #)#### *#.# *
#.# # #.# * #.# #
#.# , * #.# ## *
#.# #.# , ..#


There were no monsters in sight!

Vanquished Creatures
  Nikola (Snake:1)
  Kirke (D:13)
  4 thorn hunters
  2 nagarajas
  Aizul (Swamp:4)
  Louise (Snake:1)
  An orc warlord (Bailey)
  2 very ugly things (IceCv)
  A deep elf demonologist (Elf:3)
  9 purple draconians (WizLab)
  3 statues (WizLab)
  5 dire elephants (Lair:6)
  2 deep elf death magi
  2 ettins
  A minotaur (Lab)
  A deep elf high priest (Elf:2)
  Josephine (D:15)
  4 ogre magi
  30 hydras
  2 vault guards (D:14)
  16 naga warriors
  Harold (Lair:4)
  A catoblepas (D:15)
  Erica (Lair:1)
  2 ghost crabs
  11 anacondas
  7 alligators
  2 centaur warriors
  8 two-headed ogres
  9 naga sharpshooters
  A spriggan berserker (Swamp:4)
  5 orc high priests (Orc:2)
  5 shock serpents
  7 deep elf knights
  2 sixfirhies (Orc:2)
  5 skeletal warriors (D:15)
  A hell knight (D:15)
  A salamander mystic (Snake:3)
  3 infernal demonspawn (Orc:2)
  3 unseen horrors
  12 deep elf archers
  2 naga ritualists (Snake:4)
  An unseen horror (shapeshifter) (Elf:2)
  3 spriggan druids
  A shambling mangrove (Swamp:1)
  13 swamp dragons
  A necromancer (Elf:1)
  Pikel (D:5)
  10 orc knights
  A wolf spider zombie (D:15)
  40 deep elf magi
  9 orc sorcerers
  An oklob plant (D:11)
  12 ugly things
  3 large abominations (Elf:1)
  6 mana vipers
  5 cyclopes
  10 salamanders
  A moth of wrath (shapeshifter) (D:13)
  10 elephants (Lair:6)
  32 black mambas
  Joseph (Lair:1)
  6 ice statues
  3 guardian serpents
  10 naga magi
  A rust devil (Orc:2)
  A torpor snail (Lair:2)
  22 spiny frogs
  An orange demon (Orc:2)
  5 gargoyles
  A kobold demonologist (D:13)
  A yaktaur (D:15)
  A tengu conjurer (D:11)
  2 rime drakes
  3 efreet
  A hellwing (Orc:2)
  6 komodo dragons
  An anaconda simulacrum (IceCv)
  11 trolls
  A jumping spider (shapeshifter) (D:13)
  2 red devils (Orc:2)
  2 polar bears
  A hornet (shapeshifter) (Elf:2)
  6 tyrant leeches
  9 hornets
  13 dancing weapons
  A harpy skeleton (D:13)
  11 bog bodies
  3 dream sheep (Lair:2)
  22 blink frogs
  8 slime creatures
  20 hippogriffs
  A centaur simulacrum (D:12)
  A water elemental (Elf:2)
  2 air elementals
  A dire elephant simulacrum (IceCv)
  A meliai zombie (D:10)
  7 shadows
  A vampire (D:12)
  12 spriggans
  5 wraiths (D:15)
  2 hogs (D:13)
  A human (D:14)
  4 basilisks
  2 wyverns
  43 yaks
  20 vampire mosquitoes
  3 fire elementals
  A steam dragon (D:14)
  2 hungry ghosts
  4 wargs
  Menkaure (D:5)
  35 nagas
  2 iron troll simulacra (IceCv)
  A soldier ant (D:13)
  3 harpy simulacra (IceCv)
  16 swamp worms
  Edmund (D:6)
  6 insubstantial wisps (Swamp:1)
  Duvessa (D:6)
  10 water moccasins
  2 acid dragons
  2 hydra simulacra (IceCv)
  8 porcupines
  3 sky beasts
  An eye of draining (D:12)
  40 orc warriors
  14 swamp drakes
  7 ice beasts
  2 slaves (D:5)
  A black bear (D:11)
  2 phantoms
  7 ogres
  A necrophage (D:12)
  12 centaurs
  3 wolves (Lair:5)
  15 crocodiles
  2 big kobolds
  2 elf zombies (Elf:1)
  18 bullfrogs
  3 jellies
  Dowan (D:6)
  5 scorpions
  9 wights (D:7)
  2 electric eels
  8 howler monkeys
  8 crimson imps
  A bullfrog zombie (D:9)
  6 centaur zombies
  2 human zombies (D:7)
  3 hounds
  18 orc wizards
  A bullfrog skeleton (D:6)
  26 orc priests
  3 human skeletons (D:7)
  6 centaur skeletons
  4 iguanas
  12 worker ants
  A killer bee zombie (D:8)
  A hound skeleton (D:5)
  8 gnolls
  A worker ant zombie (D:5)
  11 adders
  4 shadow imps
  An adder zombie (D:5)
  An adder skeleton (D:4)
  4 worms
  3 dart slugs
  8 leopard geckos
  104 orcs
  4 bats
  2 giant cockroaches
  13 goblins
  10 hobgoblins
  8 jackals
  38 kobolds
  9 quokkas
  7 frilled lizards
  A leopard gecko skeleton (D:6)
  2 leopard gecko zombies
  An orc zombie (D:7)
  A quokka zombie (D:5)
  7 rats
  2 fungi (Swamp:1)
  4 plants
1220 creatures vanquished.

Vanquished Creatures (collateral kills)
  A vault guard (D:14)
  3 two-headed ogres
  An orc knight (Orc:2)
  2 ogres
  A wight (D:7)
  3 orcs
11 creatures vanquished.

Vanquished Creatures (others)
  A hydra (D:15)
  An unseen horror (D:15)
  A mana viper (Snake:1)
  A cyclops (D:12)
  A moth of wrath (shapeshifter) (D:15)
  A naga mage (Snake:1)
  A spiny frog (Swamp:1)
  4 dancing weapons
  A hog (D:13)
  A steam dragon (D:12)
  A warg (D:15)
  3 nagas (Snake:1)
  An ice beast (D:13)
  An orc (D:15)
  A briar patch (Swamp:4)
  3 fungi
  A plant (Lair:2)
24 creatures vanquished.

Grand Total: 1255 creatures vanquished

Notes
Turn   | Place    | Note
-------+----------+-------------------------------------------
     0 | D:1      | namelastname112 the Felid Wanderer began the quest for the Orb.
     0 | D:1      | namelastname112 set off with: a book of Minor Magic, a potion of curing, a scroll of teleportation, a meat ration
     0 | D:1      | Reached XP level 1. HP: 11/11 MP: 3/3
   183 | D:1      | Reached skill level 3 in Stealth
   183 | D:1      | Reached XP level 2. HP: 7/15 MP: 4/4
   405 | D:1      | Reached skill level 1 in Dodging
  1263 | D:1      | Reached XP level 3. HP: 9/18 MP: 5/5
  2746 | D:2      | Reached XP level 4. HP: 22/22 MP: 6/6
  3205 | D:3      | Noticed a bullfrog
  3218 | D:3      | Killed a bullfrog
  3218 | D:3      | Reached skill level 4 in Stealth
  3218 | D:3      | Reached XP level 5. HP: 9/25 MP: 7/7
  3883 | D:2      | Learned a level 1 spell: Confusing Touch
  4033 | D:3      | Found a shadowy altar of Dithmenos.
  4045 | D:3      | Became a worshipper of Dithmenos the Shadowed
  4837 | D:4      | Reached skill level 1 in Hexes
  4837 | D:4      | Gained mutation: You are covered in thick fur. (AC +2) [Felid growth]
  4837 | D:4      | Reached XP level 6. HP: 22/30 MP: 6/8
  4867 | D:4      | Noticed an orc warrior
  5760 | D:5      | Entered Level 5 of the Dungeon
  5954 | D:5      | Found a hide-covered altar of Uskayaw.
  6010 | D:5      | Found Ynuawn's Antique Weapon Emporium.
  6071 | D:5      | Reached * piety under Dithmenos
  6100 | D:5      | Reached skill level 5 in Fighting
  6197 | D:5      | Learned a level 1 spell: Magic Dart
  6700 | D:5      | Reached skill level 5 in Stealth
  6806 | D:5      | Learned a level 2 spell: Blink
  6810 | D:5      | Learned a level 3 spell: Confuse
  6983 | D:5      | Noticed a slave
  6984 | D:5      | Noticed Pikel
  6984 | D:5      | Noticed a slave
  6985 | D:5      | Noticed a slave
  6986 | D:5      | Noticed a slave
  7019 | D:5      | Reached XP level 7. HP: 33/33 MP: 8/10
  7113 | D:5      | Killed Pikel
  7113 | D:5      | Reached skill level 5 in Unarmed Combat
  7341 | D:5      | Reached XP level 8. HP: 35/37 MP: 10/12
  7352 | D:5      | Reached skill level 6 in Stealth
  7416 | D:5      | Found a white marble altar of Elyvilon.
  7429 | D:5      | Noticed Menkaure
  7439 | D:5      | Killed Menkaure
  7746 | D:5      | Gained mutation: Your spells are a little harder to cast, but a little more powerful. [potion of mutation]
  7746 | D:5      | Gained mutation: Your spells are harder to cast, but more powerful. [potion of mutation]
  7746 | D:5      | Gained mutation: You passively map a small area around you. [potion of mutation]
  8020 | D:4      | Found a staircase to the Ecumenical Temple.
  8445 | D:4      | Slain by an orc warrior
  8446 | D:4      | Reached XP level 7. HP: -5/33 MP: 12/12
  8548 | D:4      | Reached skill level 5 in Dodging
  8919 | Temple   | Entered the Ecumenical Temple
  9061 | D:6      | Noticed Edmund
  9089 | D:6      | Killed Edmund
  9137 | D:6      | Noticed Duvessa
  9146 | D:6      | Noticed Dowan
  9166 | D:6      | Killed Dowan
  9389 | D:6      | Reached XP level 8. HP: 23/38 MP: 13/13
  9546 | D:6      | Found a deep blue altar of Sif Muna.
  9548 | D:6      | Found a shimmering altar of Xom.
  9550 | D:6      | Found a snail-covered altar of Cheibriados.
  9598 | D:6      | Reached skill level 5 in Hexes
  9602 | D:6      | Lost mutation: Your spells are harder to cast, but more powerful. [mutagenic meat]
  9603 | D:6      | Gained mutation: You are partially covered in large bone plates. (SH +4) [mutagenic meat]
  9604 | D:6      | Lost mutation: You are partially covered in large bone plates. (SH +4) [mutagenic meat]
  9605 | D:6      | Gained mutation: Your magical capacity is low. (-10% MP) [mutagenic meat]
  9606 | D:6      | Gained mutation: Your mind is acute. (Int +2) [mutagenic meat]
  9607 | D:6      | Lost mutation: Your spells are a little harder to cast, but a little more powerful. [mutagenic meat]
  9796 | D:6      | Reached skill level 7 in Stealth
  9878 | D:6      | Killed Duvessa
  9940 | D:6      | Found a sacrificial altar of Ru.
  9943 | D:6      | Found a stormy altar of Qazlal.
  9946 | D:6      | Found a glowing silver altar of Zin.
 10041 | D:7      | Noticed a hippogriff
 10055 | D:7      | Found a flagged portal.
 10073 | D:7      | Reached ** piety under Dithmenos
 10089 | Bailey   | Entered a bailey
 10094 | Bailey   | Noticed an orc warlord
 10471 | Bailey   | Found a runed gate.
 10472 | Bailey   | Found a runed gate.
 10474 | Bailey   | Found a runed gate.
 10859 | Bailey   | Killed an orc warlord
 10859 | Bailey   | Reached skill level 8 in Stealth
 10859 | Bailey   | Reached XP level 9. HP: 42/42 MP: 10/15
 10913 | Bailey   | Identified a scroll of acquirement
 10919 | Bailey   | Learned a level 3 spell: Tukima's Dance
 10922 | Bailey   | Learned a level 2 spell: Ensorcelled Hibernation
 10926 | Bailey   | Learned a level 3 spell: Dazzling Spray
 11204 | D:7      | Reached skill level 9 in Stealth
 11204 | D:7      | Reached skill level 5 in Spellcasting
 11204 | D:7      | Reached XP level 10. HP: 48/48 MP: 15/17
 11347 | D:7      | Reached skill level 10 in Stealth
 11349 | D:7      | Reached *** piety under Dithmenos
 12166 | D:8      | Found an ornate altar of the Wu Jian Council.
 12200 | D:8      | Found Metiam's Magic Scroll Boutique.
 12247 | D:8      | Noticed a gargoyle
 12454 | D:9      | Found Kydeul's Antique Armour Emporium.
 12467 | D:9      | Reached XP level 11. HP: 47/51 MP: 13/18
 12632 | D:9      | Found Wyekiur's Distillery.
 12652 | D:9      | Bought a potion of heal wounds for 65 gold pieces
 12652 | D:9      | Bought a potion of curing for 39 gold pieces
 12759 | D:9      | Found Japageof's Book Shoppe.
 12933 | D:9      | You fall through a shaft for 2 floors!
 12933 | D:11     | Found a stormy altar of Qazlal.
 12965 | D:10     | Entered Level 10 of the Dungeon
 12985 | D:10     | Noticed a two-headed ogre
 13074 | D:10     | Found Zuociv's Jewellery Boutique.
 13229 | D:9      | Reached **** piety under Dithmenos
 13229 | D:9      | Reached skill level 10 in Unarmed Combat
 13397 | D:8      | Found a white marble altar of Elyvilon.
 13882 | D:8      | Found Ontedgh's Distillery.
 13887 | D:8      | Bought a potion of heal wounds for 60 gold pieces
 14017 | D:8      | Found Azymn's Distillery.
 14056 | D:8      | Found Emesopp's Weapon Shoppe.
 14179 | D:10     | Killed a two-headed ogre
 14423 | D:10     | p0werm0de: sup
 14445 | D:10     | namelastname112: yo
 15045 | D:10     | Found a staircase to the Orcish Mines.
 15351 | D:11     | Reached skill level 10 in Hexes
 15400 | D:11     | Found a staircase to the Lair.
 15400 | D:11     | Noticed an oklob plant
 15406 | D:11     | Noticed a purple ugly thing
 15413 | D:11     | Killed a purple ugly thing
 15437 | D:11     | Hit by a large rock thrown by a cyclops
 15438 | D:11     | Reached XP level 10. HP: -5/49 MP: 16/18
 15439 | D:11     | p0werm0de: !md theanonym
 15464 | D:11     | Found a deep blue altar of Sif Muna.
 15537 | D:11     | Reached ***** piety under Dithmenos
 15540 | D:11     | Reached skill level 11 in Stealth
 15856 | D:11     | Reached XP level 11. HP: 52/52 MP: 19/19
 16630 | D:12     | Reached skill level 10 in Dodging
 16787 | D:12     | Noticed a two-headed ogre
 16804 | D:12     | p0werm0de: this dangerous
 16806 | D:12     | p0werm0de: :D
 16818 | D:12     | p0werm0de: with fire dragon imo
 16882 | D:12     | namelastname112: what fire dragon
 16882 | D:12     | p0werm0de: ok maybe just cyclops
 16882 | D:12     | Found a portal to a secret trove of treasure.
 16896 | D:12     | p0werm0de: theres one huge vault of tat type
 16908 | D:12     | p0werm0de: with dragons and nasty stuffz
 17199 | D:12     | Noticed a deep elf mage
 17208 | D:12     | Killed a deep elf mage
 17322 | D:12     | Noticed a two-headed ogre
 17343 | D:12     | Killed a two-headed ogre
 17555 | D:9      | Bought a book of Party Tricks for 550 gold pieces
 17562 | D:9      | Learned a level 6 spell: Invisibility
 17651 | D:12     | Noticed a two-headed ogre
 17721 | D:12     | namelastname112: nasty floor dude
 17808 | D:12     | p0werm0de: yeye you got hex hax
 18200 | D:12     | Identified Reeviop's Reference Book on Summoning and Necromancy
 18216 | D:12     | Identified the Volume of Aid
 18249 | D:12     | p0werm0de: wew
 18251 | D:12     | p0werm0de: nice
 18256 | D:12     | p0werm0de: just statue missing now
 18279 | D:12     | Noticed a centaur warrior
 18279 | D:12     | Gained mutation: Your thick and shaggy fur keeps you warm. (AC +3, rC+) [Felid growth]
 18279 | D:12     | Reached XP level 12. HP: 57/57 MP: 21/21
 18291 | D:12     | Killed a centaur warrior
 18291 | D:12     | Reached skill level 12 in Stealth
 18305 | D:12     | Killed a two-headed ogre
 18710 | D:12     | Killed a two-headed ogre
 18727 | D:12     | p0werm0de: double-clubbed
 18874 | D:12     | Noticed a two-headed ogre
 18879 | D:12     | Killed a two-headed ogre
 18989 | D:13     | p0werm0de: https://www.youtube.com/watch?v=yI161151Bdg
 19105 | D:13     | Noticed a centaur warrior
 19114 | D:13     | Found a blossoming altar of Fedhas.
 19115 | D:13     | Killed a centaur warrior
 19250 | D:13     | Noticed a two-headed ogre
 19265 | D:13     | Killed a two-headed ogre
 19546 | D:13     | Noticed a two-headed ogre
 19549 | D:13     | Killed a two-headed ogre
 19549 | D:13     | Reached ****** piety under Dithmenos
 19569 | D:13     | Noticed Kirke
 19571 | D:13     | p0werm0de: https://www.youtube.com/watch?v=pL3yaA1YBms
 19580 | D:13     | p0werm0de: dang wrong bs
 19582 | D:13     | p0werm0de: hey mulzaro
 19588 | D:13     | p0werm0de: this is russian land
 19590 | D:13     | p0werm0de: :>
 19608 | D:13     | Killed Kirke
 20050 | D:13     | Gained mutation: You do not regenerate when monsters are visible. [mutagenic meat]
 20236 | D:13     | Mulzaro: cyka blyat
 20285 | D:13     | Mulzaro: )))))))))
 20529 | D:14     | Reached XP level 13. HP: 61/61 MP: 16/23
 20540 | D:14     | p0werm0de: wut
 20643 | D:14     | Reached skill level 10 in Fighting
 20889 | D:14     | Reached skill level 13 in Stealth
 21151 | D:14     | Found a gate to the Vaults.
 21356 | D:15     | Entered Level 15 of the Dungeon
 21412 | D:15     | Found a staircase to the Depths.
 21412 | D:15     | Noticed an ettin
 21440 | D:15     | Killed an ettin
 22001 | D:15     | p0werm0de: eat chunks dude
 22007 | D:15     | p0werm0de: for clarit
 22007 | D:15     | p0werm0de: !!
 22009 | D:15     | p0werm0de: CLARITY
 22016 | D:15     | p0werm0de: get enlightened
 22022 | D:15     | Noticed Josephine
 22028 | D:15     | p0werm0de: to use the cursed necklace and dont give a fuck
 22046 | D:15     | p0werm0de: still be a freee cat
 22054 | D:15     | p0werm0de: woot
 22194 | D:15     | Gained mutation: You are partially covered in rugged brown scales. (AC +1, +3% HP) [mutagenic meat]
 22195 | D:15     | Gained mutation: You are surrounded by a mild repulsion field. (EV +2) [mutagenic meat]
 22236 | D:15     | p0werm0de: more
 22243 | D:15     | p0werm0de: MOAR
 22388 | D:15     | p0werm0de: genau tight alter
 22515 | D:15     | Killed Josephine
 22610 | D:15     | Reached XP level 14. HP: 67/67 MP: 18/25
 22619 | D:15     | p0werm0de: so much mut chunks
 22675 | D:15     | Gained mutation: Your muscles are strong. (Str +2) [mutagenic meat]
 22879 | D:15     | namelastname112: what do we desire
 22879 | D:15     | p0werm0de: jewellry
 22879 | D:15     | p0werm0de: as usual
 22879 | D:15     | p0werm0de: ?!
 22881 | D:15     | Got a twitching pewter ring
 22882 | D:15     | Identified the ring "Pizudu" {EV+2 Str-4 Int+3 SInv} (You acquired it on level 15 of the Dungeon)
 22883 | D:15     | p0werm0de: mhh
 22883 | D:15     | namelastname112: meh
 22884 | D:15     | p0werm0de: ye
 23256 | D:15     | HP: 1/67 [catoblepas/blast of calcifying dust (6)]
 23773 | D:15     | Reached skill level 14 in Stealth
 24218 | Lair:1   | Entered Level 1 of the Lair of Beasts
 24577 | Lair:1   | Learned a level 1 spell: Apportation
 24869 | Lair:1   | Noticed Erica
 24903 | Lair:1   | Reached skill level 1 in Translocations
 25087 | Lair:1   | Noticed Joseph
 25088 | Lair:1   | Killed Joseph
 25482 | Lair:1   | Killed Erica
 25629 | Lair:2   | Mulzaro: Auto explore without -1 delay looks trippy as hell in webtiles
 25630 | Lair:2   | Found a staircase to the Snake Pit.
 26382 | Lair:2   | Found a snail-covered altar of Cheibriados.
 26486 | Lair:2   | p0werm0de: ye especiall the replay
 26686 | Lair:2   | namelastname112: yeah it's like fast forward
 26879 | Lair:3   | Found a staircase to the Swamp.
 27590 | Lair:3   | Mulzaro: I tried playing without -1 delay and got dizzy.
 27715 | Lair:3   | Mulzaro: Cant do that shit
 27997 | Lair:4   | Found a labyrinth entrance.
 28006 | Lab      | Entered a labyrinth
 28351 | Lab      | namelastname112: oh well
 28356 | Lab      | Identified The Foundations of Theurgy
 28362 | Lair:4   | Mulzaro: Did you cast confuse on him
 28431 | Lair:4   | namelastname112: yep
 28431 | Lair:4   | Mulzaro: rip items, hope there werent any good jewellery
 28431 | Lair:4   | namelastname112: apparently he had like
 28431 | Lair:4   | namelastname112: nothing but a weapon
 28674 | Lair:4   | Noticed Harold
 28685 | Lair:4   | Killed Harold
 29552 | Lair:5   | Reached XP level 15. HP: 71/73 MP: 25/26
 29555 | Lair:5   | Reached skill level 5 in Translocations
 30100 | Lair:6   | Entered Level 6 of the Lair of Beasts
 30426 | Lair:6   | Found a staircase to the Slime Pits.
 30426 | Lair:6   | Found a viscous altar of Jiyva.
 30452 | Lair:6   | Reached skill level 15 in Stealth
 30476 | Lair:6   | Reached skill level 10 in Spellcasting
 32039 | Lair:1   | Mulzaro: Felids should be able to wear hats and scarves :P
 32134 | Orc:1    | Entered Level 1 of the Orcish Mines
 32516 | Orc:1    | Found a runed door.
 32562 | Orc:1    | Found a roughly hewn altar of Beogh.
 32701 | Orc:2    | Entered Level 2 of the Orcish Mines
 32748 | Orc:2    | Found a burning altar of Makhleb.
 32967 | Orc:1    | namelastname112: nah
 32967 | Orc:1    | namelastname112: try to put a hat on a cat
 33062 | Orc:1    | Mulzaro: lol
 33417 | Orc:2    | Found Dankeipp's Magic Scroll Emporium.
 33430 | Orc:2    | Found Lux Yxotz's Distillery.
 33671 | Orc:2    | Mulzaro: but felids are more sophisticated than most cats, they can even cast spells and use wands
 33856 | Orc:2    | namelastname112: well
 33856 | Orc:2    | namelastname112: does this like
 33856 | Orc:2    | namelastname112: makes their heads bigger
 35503 | Orc:2    | Found Jeggomm's Antique Weapon Boutique.
 35503 | Orc:2    | Found a one-way gate leading to the halls of Pandemonium.
 35503 | Orc:2    | Found Ihayps's Book Shop.
 35513 | Orc:2    | Mulzaro: https://i.redditmedia.com/Nwr6E4b5eowCpOqVrt-9wt3hxyFRXfbwDBZWiOhk_hs.png?w=500&s=277c04e1c62b84b4ec7f0cee72df9a40
 35513 | Orc:2    | Bought a book of Transfigurations for 825 gold pieces
 35520 | Orc:2    | Learned a level 6 spell: Statue Form
 35520 | Orc:2    | Mulzaro: see
 35520 | Orc:2    | namelastname112: but
 35520 | Orc:2    | namelastname112: it's like
 35520 | Orc:2    | namelastname112: a special kitty hat
 35520 | Orc:2    | namelastname112: i doubt there is any in the dungeon
 35524 | Orc:2    | Mulzaro: I dont know how large spriggan heads are compared to felids
 35634 | Orc:2    | Found a staircase to the Elven Halls.
 35876 | Orc:2    | Found a bloodstained altar of Trog.
 35878 | Orc:2    | Mulzaro: but I would guess they are close
 35934 | Elf:1    | Entered Level 1 of the Elven Halls
 35973 | Elf:1    | Found a magical portal.
 35978 | WizLab   | Entered Iskenderun's Mystic Tower
 35979 | WizLab   | namelastname112: dang
 35979 | WizLab   | namelastname112: iskenderun's tower
 35991 | WizLab   | Reached XP level 16. HP: 78/78 MP: 28/28
 36021 | WizLab   | Reached skill level 1 in Earth Magic
 36806 | WizLab   | Identified Iskenderun's Volume of Confrontation
 36806 | WizLab   | Identified Iskenderun's Collected Works on Attacks
 36985 | WizLab   | Reached skill level 5 in Transmutations
 37174 | Elf:1    | Mulzaro: How many lives do you have?
 37174 | Elf:1    | namelastname112: well that worked out surprisingly okay
 37175 | Elf:1    | namelastname112: 2
 37222 | Elf:1    | Mulzaro: Orbs of destruction are the definition of anti cat
 37294 | Elf:1    | namelastname112: thank god those assholes can't sinv
 37499 | Elf:1    | Mulzaro: :D
 37543 | Elf:1    | Reached skill level 5 in Earth Magic
 37544 | Elf:1    | Identified Seamabia's Incunabulum of Necromancy
 38101 | Elf:1    | Noticed Roxanne
 38103 | Elf:1    | namelastname112: nope
 38174 | Elf:1    | Mulzaro: Roxanne just wants a hug
 39239 | Elf:2    | Learned a level 4 spell: Passage of Golubria
 39693 | Elf:2    | Lost mutation: You are surrounded by a mild repulsion field. (EV +2) [potion of mutation]
 39693 | Elf:2    | Lost mutation: Your magical capacity is low. (-10% MP) [potion of mutation]
 39693 | Elf:2    | Lost mutation: Your mind is acute. (Int +2) [potion of mutation]
 39693 | Elf:2    | Gained mutation: Your muscles are very strong. (Str +4) [potion of mutation]
 39693 | Elf:2    | Gained mutation: You are resistant to electric shocks. (rElec) [potion of mutation]
 40051 | Elf:2    | Found a runed gate.
 40051 | Elf:2    | Found a runed gate.
 40052 | Elf:2    | Found a runed gate.
 40106 | Elf:3    | Entered Level 3 of the Elven Halls
 40115 | Elf:3    | Found a radiant altar of Vehumet.
 40345 | Elf:3    | Reached XP level 17. HP: 81/81 MP: 32/32
 40848 | Lair:1   | namelastname112: bleh
 40848 | Lair:1   | namelastname112: snake and swamps
 40961 | Swamp:1  | Mulzaro: Swamps is usually considered to be the easiest one but I hate it the most
 40961 | Swamp:1  | Entered Level 1 of the Swamp
 40968 | Swamp:1  | Mulzaro: Something about the layout is just so annoying
 40968 | Swamp:1  | Found a frozen archway.
 40979 | IceCv    | Entered an ice cave
 41004 | IceCv    | Mulzaro: Iron troll :DD
 41472 | IceCv    | Reached skill level 10 in Transmutations
 41508 | IceCv    | Slain by a harpy simulacrum
 41509 | IceCv    | Reached XP level 16. HP: -4/78 MP: 31/31
 41509 | IceCv    | namelastname112: fuck this
 41538 | IceCv    | Gained mutation: Your magical capacity is low. (-10% MP) [mutagenic meat]
 41541 | IceCv    | Gained mutation: You have a pair of small horns on your head. [mutagenic meat]
 41542 | IceCv    | Gained mutation: You are somewhat resistant to further mutation. [mutagenic meat]
 41958 | Swamp:1  | Noticed a thorn hunter
 41964 | Swamp:1  | Killed a thorn hunter
 45166 | Swamp:3  | Reached skill level 10 in Earth Magic
 45768 | Swamp:4  | Entered Level 4 of the Swamp
 45875 | Swamp:4  | Reached skill level 16 in Stealth
 45949 | Swamp:4  | Noticed Aizul
 45967 | Swamp:4  | Killed Aizul
 45970 | Swamp:4  | Noticed a thorn hunter
 46624 | Swamp:4  | Killed a thorn hunter
 46674 | Swamp:4  | Reached XP level 17. HP: 82/82 MP: 17/29
 46679 | Swamp:4  | Reached skill level 15 in Unarmed Combat
 46732 | Swamp:4  | Reached skill level 15 in Dodging
 47469 | Swamp:4  | Reached skill level 10 in Translocations
 47533 | Swamp:4  | Got a decaying rune of Zot
 47894 | Snake:1  | Entered Level 1 of the Snake Pit
 47914 | Snake:1  | Noticed Louise
 47942 | Snake:1  | Killed Louise
 47944 | Snake:1  | Noticed Nikola
 47955 | Snake:1  | Killed Nikola
 49598 | Snake:2  | Reached skill level 17 in Stealth
 49770 | Snake:2  | Shot with a bolt by a naga sharpshooter
 49771 | Snake:2  | Reached XP level 16. HP: -10/104 MP: 23/29
 50413 | Snake:2  | Reached XP level 17. HP: 83/83 MP: 24/30
 50983 | Snake:3  | Found Seazyar's Distillery.
 50989 | Snake:3  | Bought a potion of mutation for 144 gold pieces
 50989 | Snake:3  | Bought a potion of curing for 54 gold pieces
 50989 | Snake:3  | Bought 2 potions of curing for 108 gold pieces
 51110 | Snake:3  | WhiffAndRun: !subscribe
 51110 | Snake:3  | beem: Subscribed. I will now watch all games of user WhiffAndRun
 51280 | Snake:3  | Found Agudduyrru's Gadget Boutique.
 51717 | Snake:4  | Entered Level 4 of the Snake Pit
 51949 | Snake:4  | Killed from afar by a shock serpent

Vault maps used:
D:1:      dpeg_arrival_renting
D:2:      mumra_celtic_spiral_tile, first_bread
D:3:      grunt_dithmenos_smoke_and_mirrors
D:4:      minmay_temple_entry_water_ring
D:5:      kennysheep_little_box, basic_altar, serial_shops, shop, uniq_menkaure,
          uniq_pikel
D:6:      grunt_temple_overflow_open, grunt_temple_overflow_diamond,
          grunt_ministairs_9, uniq_edmund, uniq_duvessa
D:7:      serial_curves, eino_curves_03, eino_curves_04,
          nicolae_ossuary_entry_catacombs, enter_bailey_3
D:8:      cheibrodos_statue_roulette, kennysheep_mini_moat,
          nicolae_overflow_hidden_temple, serial_shops, shop, shop, shop,
          kennysheep_mini
D:9:      serial_shops, nicolae_shop_trees, nicolae_shop_crystal, shop_statue
D:10:     hiddenorc1_lemuel, serial_shops, nicolae_shop_stone
D:11:     dpeg_oklobed_lair, basic_altar, grunt_tengu_nest,
          grunt_qazlal_sundering
D:12:     minmay_the_grid_octo_tiled_octocenter_mashed, enter_trove_6
D:13:     fedhas_altar_1, uniq_kirke
D:14:     grunt_vaults_entry_fortified, kennysheep_cluttered_room
D:15:     hangedman_depths_entry_civil_slaughter, lemuel_old_faithful,
          uniq_josephine
Temple:   minmay_temple_bridge_abc
Lair:1:   wad_woods_01, grunt_megastairs_4, uniq_joseph, uniq_erica
Lair:2:   guppyfry_snake_entry_island, basic_altar, serial_bayou_lagoon_b
Lair:3:   nicolae_swamp_entry_splash_gauntlet, st_stairs_4,
          small_statue_intersection, beast_lair_carwin_11, lemuel_fruit_fields
Lair:4:   lab_entry_generic, st_stairs_9, serial_bayou_pond_a,
          grunt_megastairs_1, lemuel_fruit_tree, uniq_harold
Lair:5:   nicolae_quartered_pool_medium, serial_bayou_shore_a,
          serial_bayou_shore_b
Lair:6:   due_jungle_book, slime_altar_1
Swamp:1:  portal_ice_cave_entry_ice_statue_one, hangedman_swamp_pad,
          swamp_pool3, water_boxes_lemuel
Swamp:2:  evilmike_swamp_ruin_rubble_1, swamp_pool4, infiniplex_staircase_pool
Swamp:3:  evilmike_swamp_ruin_house_1
Swamp:4:  swamp_basic_johnstein, swamp_pool1, statue_in_the_mist_lemuel,
          hangedman_swamp_blocks, hangedman_swamp_diagram, uniq_aizul
Snake:1:  uniq_louise, uniq_nikola
Snake:2:  abandoned_shop, grunt_megastairs_2
Snake:3:  serial_shops, nicolae_shop_statue_plus, shop
Snake:4:  snake_pit, special_room
Orc:1:    lightli_church_of_beogh
Orc:2:    pf_orc_diabolical, basic_altar, trog_book
Elf:1:    elf_arrival_001, mu_enter_wizlab_1, minmay_elf_necromancy,
          uniq_roxanne
Elf:3:    elf_hall, basic_altar
Lab:      labyrinth_watery, labyrinth_fake_exit, labyrinth_skeletal_remains,
          nicolae_lab_checkerboard, nicolae_lab_grate
Bailey:   bailey_axe_bossmonster_kennysheep, bailey
IceCv:    ice_cave_statue_garden_chambered
WizLab:   wizlab_iskenderun

Skill      XL: |  1  2  3  4  5  6  7  8  9 10 11 12 13 14 15 16 17 |
---------------+----------------------------------------------------+-----
Stealth        | 3 4 5 8 9 11 12 13 14 15 16 17 | 17.5
Dodging        | 1 2 3 5 7 8 10 11 12 13 14 16 | 16.1
Unarmed Combat | 2 3 4 5 7 9 11 12 13 14 15 | 15.7
Hexes          | 1 2 3 7 8 9 11 12 13 | 13.4
Fighting       | 5 6 7 8 9 10 11 12 13 | 13.3
Spellcasting   | 3 4 5 7 8 9 10 11 | 11.8
Translocations | 4 8 9 11 | 11.8
Earth Magic    | 10 8 | 10.0
Transmutations | 11 10 | 11.9

Action                   |  1- 3 |  4- 6 |  7- 9 | 10-12 | 13-15 | 16-18 || total
-------------------------+-------+-------+-------+-------+-------+-------++-------
Melee: Unarmed           |   201 |   257 |   339 |   628 |   945 |  1079 ||  3449
       Bite              |    15 |    21 |    34 |    57 |    99 |   105 ||   331
       Punch             |     1 |     5 |     8 |    29 |    56 |    70 ||   169
       Headbutt          |       |       |       |       |       |   139 ||   139
 Cast: Confusing Touch   |       |    25 |    18 |     7 |       |     2 ||    52
       Magic Dart        |       |     4 |     7 |       |       |       ||    11
       Confuse           |       |       |    34 |    72 |    45 |     2 ||   153
       Dazzling Spray    |       |       |     1 |     6 |    44 |    27 ||    78
       Ensorcelled Hiber |       |       |       |    52 |    88 |     4 ||   144
       Tukima's Dance    |       |       |       |    17 |    20 |       ||    37
       Invisibility      |       |       |       |     7 |    29 |    24 ||    60
       Statue Form       |       |       |       |       |       |    57 ||    57
       Passage of Golubr |       |       |       |       |       |     3 ||     3
Invok: Shadow Step       |       |       |       |     1 |     1 |    11 ||    13
Evoke: Wand              |       |       |       |       |     6 |     4 ||    10
  Use: Potion            |       |     1 |     4 |     6 |     3 |     8 ||    22
       Scroll            |       |     1 |    18 |     9 |    15 |    13 ||    56
 Stab: Sleeping          |     3 |    12 |     7 |    83 |   156 |   102 ||   363
       Confused          |       |    12 |    22 |    38 |    24 |       ||    96
       Distracted        |       |     1 |     1 |     8 |     4 |     3 ||    17
       Invisible         |       |       |       |    19 |   151 |    91 ||   261
  Eat: Chunk             |    11 |     9 |    23 |    29 |    46 |    72 ||   190
       Royal jelly       |       |       |       |       |       |     2 ||     2
Armor: Skin              |    11 |     8 |    23 |    23 |    15 |   210 ||   290
Dodge: Dodged            |   142 |   184 |   292 |   523 |   796 |  2279 ||  4216

Table legend:
 A = Spawn XP
 B = Non-spawn XP
 C = Spawn XP percentage of total XP
 D = Spawn monster count
 E = Non-spawn monster count
 F = Spawn count percentage of total count
 G = Total turns spent on level
                    A         B        C        D         E        F      G
               +---------+---------+-------+---------+---------+-------+---------
         Total |       0 |  391433 |   0.0 |       0 |    1224 |   0.0 | 51949
               +---------+---------+-------+---------+---------+-------+---------
           D:1 |       0 |      42 |   0.0 |       0 |      24 |   0.0 |  1802
           D:2 |       0 |      99 |   0.0 |       0 |      23 |   0.0 |  1454
           D:3 |       0 |     189 |   0.0 |       0 |      20 |   0.0 |  2360
           D:4 |       0 |     420 |   0.0 |       0 |      25 |   0.0 |  1125
           D:5 |       0 |    1124 |   0.0 |       0 |      24 |   0.0 |  2316
           D:6 |       0 |    1059 |   0.0 |       0 |      19 |   0.0 |  1182
           D:7 |       0 |    1919 |   0.0 |       0 |      38 |   0.0 |  1071
           D:8 |       0 |    1620 |   0.0 |       0 |      13 |   0.0 |   952
           D:9 |       0 |    1166 |   0.0 |       0 |      11 |   0.0 |   888
          D:10 |       0 |    2551 |   0.0 |       0 |      36 |   0.0 |  1182
          D:11 |       0 |    5131 |   0.0 |       0 |      39 |   0.0 |  2090
          D:12 |       0 |   15091 |   0.0 |       0 |      74 |   0.0 |  2255
          D:13 |       0 |   10998 |   0.0 |       0 |      43 |   0.0 |  1641
          D:14 |       0 |   12987 |   0.0 |       0 |      32 |   0.0 |   848
          D:15 |       0 |   23689 |   0.0 |       0 |      50 |   0.0 |  2622
        Lair:1 |       0 |    8659 |   0.0 |       0 |      34 |   0.0 |  1459
        Lair:2 |       0 |    6231 |   0.0 |       0 |      26 |   0.0 |  1266
        Lair:3 |       0 |    5060 |   0.0 |       0 |      24 |   0.0 |  1417
        Lair:4 |       0 |    6171 |   0.0 |       0 |      23 |   0.0 |   988
        Lair:5 |       0 |    4261 |   0.0 |       0 |      21 |   0.0 |   804
        Lair:6 |       0 |   19341 |   0.0 |       0 |      43 |   0.0 |  1876
       Swamp:1 |       0 |   14684 |   0.0 |       0 |      41 |   0.0 |  2373
       Swamp:2 |       0 |   18433 |   0.0 |       0 |      44 |   0.0 |  1156
       Swamp:3 |       0 |    7895 |   0.0 |       0 |      16 |   0.0 |   745
       Swamp:4 |       0 |   40083 |   0.0 |       0 |      55 |   0.0 |  1965
       Snake:1 |       0 |   25988 |   0.0 |       0 |      42 |   0.0 |   964
       Snake:2 |       0 |   19600 |   0.0 |       0 |      36 |   0.0 |  1230
       Snake:3 |       0 |   15133 |   0.0 |       0 |      26 |   0.0 |  1213
       Snake:4 |       0 |   18224 |   0.0 |       0 |      32 |   0.0 |   232
         Orc:1 |       0 |    3625 |   0.0 |       0 |      36 |   0.0 |   680
         Orc:2 |       0 |   23897 |   0.0 |       0 |     107 |   0.0 |  3185
         Elf:1 |       0 |   17365 |   0.0 |       0 |      33 |   0.0 |  1585
         Elf:2 |       0 |   24577 |   0.0 |       0 |      37 |   0.0 |  1445
         Elf:3 |       0 |    5812 |   0.0 |       0 |       8 |   0.0 |   566
           Lab |       0 |    1111 |   0.0 |       0 |       1 |   0.0 |   355
        Bailey |       0 |    2072 |   0.0 |       0 |      27 |   0.0 |   842
         IceCv |       0 |    7386 |   0.0 |       0 |      22 |   0.0 |   618
        WizLab |       0 |   17740 |   0.0 |       0 |      19 |   0.0 |  1195
               +---------+---------+-------+---------+---------+-------+---------
